 Dungeon Crawl Stone Soup version 0.31-a0-435-g2c6fae2 (webtiles) character file.

Game seed: 7156846381022740799

109 Dorkslayer the Covered (level 4, 0/42 HPs)
             Began as a Gargoyle Fighter on July 31, 2023.
             Slain by Terence
             ... wielding a +0 hand axe
              (4 damage)
             ... on level 2 of the Dungeon.
             The game lasted 00:03:14 (774 turns).

Dorkslayer the Covered (Gargoyle Fighter)            Turns: 774, Time: 00:03:14

Health: 0/42       AC: 22    Str: 20    XL:     4   Next: 89%
Magic:  4/4        EV:  2    Int:  8    God:
Gold:   41         SH:  5    Dex: 11    Spells: 3/3 levels left

rFire   . . .        a - +0 long sword
rCold   . . .        c - +1 buckler
rNeg    + . .        b - melded +0 scale mail
rPois   ∞            (helmet currently unavailable)
rElec   .            (cloak currently unavailable)
rCorr   .            (gloves currently unavailable)
SInv    .            (boots currently unavailable)
Will    .....        (no amulet)
Stlth   +            (no ring)
HPRegen 0.27/turn    (no ring)
MPRegen 0.09/turn

%: no passive effects
@: tree-form (expiring), invisible
A: stationary, stasis, torment immunity, boosted hp, sickness immunity, AC +3,
negative energy resistance 1, (electricity resistance), torment resistance 1,
petrification resistance
a: no special abilities


You were on level 2 of the Dungeon.
You were a tree.
You visited 1 branch of the dungeon, and saw 2 of its levels.

You collected 41 gold pieces.

Inventory:

Hand Weapons
 a - a +0 long sword (weapon)
Armour
 b - a +0 scale mail (melded)
 c - a +1 buckler (worn)
Potions
 i - a potion of enlightenment {unknown}


   Skills:
 + Level 3.6 Fighting
 + Level 3.0 Long Blades
 + Level 4.1 Armour
 * Level 1.3 Dodging
 + Level 3.5 Shields


You had 3 spell levels left.
You didn't know any spells.
Your spell library was empty.

Dungeon Overview and Level Annotations

Branches:
Dungeon (2/15)

Altars:

Shops:
D:1 [

Annotations:
D:2 Terence


Innate Abilities, Weirdness & Mutations

You are a tree.
Your roots penetrate the ground, keeping you stationary.
You cannot be teleported.
You are immune to unholy pain and torment.
Your maximum health is greatly increased.
Your equipment is partially melded.
You are immune to sickness and miasma.
((Your stone body is resilient. (AC +3)))
You are immune to poison.
You resist negative energy. (rN+)
((You are resistant to electric shocks. (rElec)))
You are resistant to unholy torment.
You are immune to petrification.


Message History

* * * LOW HITPOINT WARNING * * *
Terence hits you but does no damage.
It was a potion of invisibility.
You fade into invisibility!
Terence completely misses you. Terence hits you but does no damage.
It was a potion of lignification.
You turn into a tree.
Your +0 scale mail melds into your body.
Your roots penetrate the ground.
Terence hits you but does no damage.
You hit Terence but do no damage.
Terence is lightly wounded.
Terence hits you but does no damage. Terence says, "Did you write a will?
You should..."
You block Terence's attack.
You hit Terence.
Terence is heavily wounded.
You feel yourself speed up. Terence hits you but does no damage. x2
You hit Terence.
Terence is severely wounded.
Terence hits you but does no damage.
You hit Terence but do no damage.
Terence is severely wounded.
Terence hits you but does no damage.
You completely miss Terence.
Terence is severely wounded.
Terence hits you but does no damage. Terence hits you with a +0 hand axe!
* * * LOW HITPOINT WARNING * * *
You catch the helpless Terence completely off-guard!
You hit Terence but do no damage.
Terence is severely wounded.
Your transformation is almost over.
Terence hits you with a +0 hand axe.
* * * LOW HITPOINT WARNING * * *
You closely miss Terence.
Terence is severely wounded.
Terence hits you but does no damage.
You hit Terence but do no damage.
Terence is severely wounded.
Terence hits you with a +0 hand axe.
You die...

.. ... ###. ...#
#..@.#### #..#
#...##..).# #..# @....
#.###.###..
....#..##..........#
##..$.##....†...###..##
...... #####..@††.....#
#...## #...#♣.###..
#SS..# #....###)†.#
##g# ....# #.#.# .g.#
#.##. #.#... .### . ##
#.# ##. <# ... .. ##
##. . .


You could see Terence (unable to see you).

Vanquished Creatures
  Natasha (D:2)
  3 gnolls
  2 adders (D:2)
  A dart slug (D:1)
  5 endoplasms
  2 giant cockroaches
  3 goblins
  2 hobgoblins (D:1)
  5 ball pythons
  4 bats
  4 frilled lizards (D:1)
  2 kobolds (D:1)
  3 rats (D:1)
37 creatures vanquished.

Notes
Turn   | Place    | Note
-------+----------+-------------------------------------------
     0 | D:1      | Dorkslayer the Gargoyle Fighter began the quest for the
                  | Orb.
     0 | D:1      | Reached XP level 1. HP: 14/14 MP: 1/1
   176 | D:1      | Reached XP level 2. HP: 19/19 MP: 2/2
   346 | D:1      | Found a faded altar of an unknown god.
   470 | D:1      | Found Etisk's Armour Shoppe.
   503 | D:1      | Reached XP level 3. HP: 23/23 MP: 3/3
   644 | D:2      | Noticed Terence
   653 | D:1      | Reached skill level 4 in Armour
   685 | D:2      | Reached XP level 4. HP: 13/28 MP: 4/4
   692 | D:2      | Reached skill level 1 in Dodging
   693 | D:2      | Noticed Natasha
   760 | D:2      | Killed Natasha
   774 | D:2      | Slain by Terence

Illustrated notes

Levels and vault maps discovered:
D:1:      shiori_shiawase, layout_rooms, serial_shops,
          nicolae_shop_hallway_stairs, ebering_ecumenical_altar_sacrificial,
          minmay_misc_feat_square, palyth_stone_intersect, st_stairs_4,
          chequers_serial_rivers_micro_e
D:2:      layout_rooms, uniq_terence, uniq_natasha

Skill      XL: |  1  2  3  4 |
---------------+-------------+-----
Long Blades    | 2 3 |  3.0
Armour         | 4 |  4.1
Dodging        | 1 |  1.3
Fighting       | |  3.6
Shields        | |  3.5

Action                     |  1- 3 |  4- 6 || total
---------------------------+-------+-------++-------
  Melee: Long sword        |   114 |    32 ||   146
    Use: Scroll            |     2 |       ||     2
         Potion            |     1 |     2 ||     3
   Stab: Invisible         |       |     1 ||     1
 Armour: Scale mail        |    78 |    18 ||    96
         Skin              |       |     8 ||     8
  Dodge: Dodged            |    79 |    23 ||   102
  Block: Buckler           |    28 |    15 ||    43

Table legend: (Time is in decaauts)
 A = Elapsed time spent in this place.
 B = Non-inter-level travel time spent in this place.
 C = Inter-level travel time spent in this place.
 D = Time resting spent in this place.
 E = Time spent auto-exploring this place.
 F = Levels seen in this place.
 G = Mean time per level.
                   A        B        C        D        E       F      G
               +--------+--------+--------+--------+--------+-----+--------+
         Total |    828 |    828 |      0 |     44 |    343 |   2 |  414.0 |
       Dungeon |    828 |    828 |      0 |     44 |    343 |   2 |  414.0 |
               +--------+--------+--------+--------+--------+-----+--------+

Top non-repeatable levels by time:
     D:1: 735 daAuts
     D:2: 93 daAuts
